 Dungeon Crawl Stone Soup version 0.16.1-51-g6203257 (webtiles) character file.

196 ImaNewbie the Slasher (level 6, -6/47 HPs)
             Began as a Formicid Fighter on July 16, 2015.
             Mangled by an orc warrior
             ... wielding a +0 halberd
              (19 damage)
             ... on level 3 of the Dungeon.
             The game lasted 00:12:37 (2663 turns).

ImaNewbie the Slasher (Formicid Fighter)            Turns: 2663, Time: 00:12:37

Health: -6/47      AC:  8    Str: 21    XL:     6   Next: 4%
Magic:  8/8        EV:  7    Int:  7    God:
Gold:   127        SH:  9    Dex: 12    Spells: 0 memorised, 5 levels left

rFire  . . .     SeeInvis +     a - +0 long sword
rCold  . . .     Clarity  .     v - +0 scale mail
rNeg   . . .     SustAb   .     c - +0 shield
rPois  .         Gourm    .     (helmet unavailable)
rElec  .         Spirit   .     q - +0 cloak
rCorr  .         Warding  .     (no gloves)
rMut   .         Stasis   +     (no boots)
MR     .....                    (no amulet)
Stlth  ..........               y - ring of flight
                                m - ring of wizardry

@: not resistant to hostile enchantments, extremely unstealthy
A: permanent stasis, dig shafts and tunnels, four strong arms, antennae 3
a: Dig, Shaft Self, Evoke Flight


You were on level 3 of the Dungeon.
You were not hungry.

You visited 1 branch of the dungeon, and saw 3 of its levels.

You collected 127 gold pieces.

Inventory:

Hand weapons
 a - a +0 long sword (weapon)
 b - a +0 blowgun
Missiles
 r - 32 poisoned needles
 s - 7 curare-tipped needles
Armour
 c - a +0 shield (worn)
 q - a +0 cloak (worn)
 v - a +0 scale mail (worn)
Jewellery
 m - a ring of wizardry (left hand)
 y - a ring of flight (right hand)
Scrolls
 g - 2 scrolls of identify {unknown}
 i - a scroll of blinking {unknown}
 n - 3 scrolls of teleportation {unknown}
 t - a scroll of recharging {unknown}
 u - a scroll of immolation {unknown}
 x - 3 scrolls of noise {unknown}
 z - a scroll of enchant weapon {unknown}
Potions
 e - a potion of might
 h - a potion of curing {unknown}
 j - 2 potions of heal wounds {unknown}
 l - a potion of haste {unknown}
 o - a potion of mutation {unknown}
 p - a potion of brilliance {unknown}
Comestibles
 d - 3 bread rations
 f - 4 fruits
 k - 2 meat rations
 w - 4 chunks of flesh


   Skills:
 - Level 3.2 Fighting
 + Level 5.8 Long Blades
 - Level 3.2 Armour
 - Level 3.6 Shields


You had 5 spell levels left.
You didn't know any spells.

Dungeon Overview and Level Annotations

Branches:
Dungeon (3/15)

Altars:
Xom
The Shining One

Annotations:
D:2 exclusion: 2 downstairs
D:3 Grinder


Innate Abilities, Weirdness & Mutations

You are under a permanent stasis effect.
You can dig through walls and to a lower floor.
Your four strong arms can wield two-handed weapons with a shield.
You have a pair of large antennae on your head (SInv).


Message History

You have reached level 6!
Your experience leads to an increase in your attributes!
Increase (S)trength, (I)ntelligence, or (D)exterity?
You feel agile.
The orc warrior hits you from afar with a halberd!
The orc warrior hits you with a halberd.
You hit the orc warrior.
The orc warrior is lightly wounded.
You block the orc warrior's attack.
You closely miss the orc warrior.
The orc warrior is lightly wounded.
The orc warrior hits you with a halberd.
You hit the orc warrior.
The orc warrior is moderately wounded.
The orc warrior hits you with a halberd!!
* * * LOW HITPOINT WARNING * * *
You hit the orc warrior.
The orc warrior is heavily wounded.
The orc warrior hits you with a halberd!!
You die...

#......##.## ##..........#
#.........#.#
##..........# #......#####
#.#...### #.(.....####
#.###############...#.....
#....oooo@.[..####.#######
###.#######.#.............
#.##..........##
#.##.###.####.# #.##.# #.#
#.# #..#># #.####.##
##.#.# #........ #.#.#
######.#. #.#.# #.#.


You could see an orc warrior and 3 orcs.

Vanquished Creatures
  A crimson imp (D:3)
  An orc priest (D:3)
  Jessica (D:3)
  5 adders
  2 worms (D:2)
  5 bats
  2 giant cockroaches (D:2)
  2 goblins
  6 hobgoblins
  10 jackals
  3 ball pythons
  2 giant geckos
  4 giant newts
  11 kobolds
  A quokka (D:2)
  10 rats
66 creatures vanquished.

Notes
Turn   | Place    | Note
--------------------------------------------------------------
     0 | D:1      | ImaNewbie, the Formicid Fighter, began the quest for the Orb.
     0 | D:1      | Reached XP level 1. HP: 18/18 MP: 1/1
   232 | D:1      | Reached XP level 2. HP: 17/24 MP: 3/3
   618 | D:1      | Reached XP level 3. HP: 29/29 MP: 4/4
  1434 | D:2      | Reached skill level 4 in Long Blades
  1434 | D:2      | Reached XP level 4. HP: 35/35 MP: 5/5
  1845 | D:2      | Found a glowing golden altar of the Shining One.
  1845 | D:2      | Found a shimmering altar of Xom.
  2111 | D:3      | Reached XP level 5. HP: 37/41 MP: 7/7
  2209 | D:3      | Noticed a phantom
  2221 | D:3      | Reached skill level 5 in Long Blades
  2224 | D:3      | Noticed Grinder
  2527 | D:3      | Noticed Jessica
  2536 | D:3      | Killed Jessica
  2648 | D:3      | Noticed an orc warrior
  2654 | D:3      | Reached XP level 6. HP: 47/47 MP: 8/8
  2663 | D:3      | Mangled by an orc warrior

Action                   |  1- 3 |  4- 6 || total
-------------------------+-------+-------++-------
Melee: Long sword        |   170 |   138 ||   308
  Eat: Chunk             |     2 |     4 ||     6
